[Event "Titled Tuesday Blitz May 30 Late 2023"]
[White "Pinheiro, Iung Alicio de O."]
[Black "micke12a"]
[WhiteFideId "2104350"]
[WhiteElo "2283"]
[BlackElo "2399"]
[Result "1-0"]
[Round "05"]
[TimeControl "180+2"]
[Date "2023.05.31"]
[WhiteClock "0:00:10"]
[BlackClock "0:00:04"]

1. e4 c5 2. Nf3 d6 3. Nc3 Nf6 4. d4 cxd4 5. Nxd4 g6 6. Be2 Bg7 7. O-O O-O 8. Re1 Nc6 9. Nb3 a5 10. a4 Be6 11. Bf1 Rc8 12. Bg5 h6 13. Bh4 Qb6 14. Nd5 Bxd5 15. exd5 Ne5 16. Bb5 Rc7 17. c3 Rfc8 18. h3 g5 19. Bg3 Nfd7 20. Nd4 Nc5 21. Nf5 Ng6 22. Qh5 Kh7 23. Re2 Bf8 24. Rae1 Na6 25. h4 gxh4 26. Bxh4 e6 27. Rxe6 fxe6 28. Rxe6 Nf4 29. Rxh6+ Bxh6 30. Qxh6+ Kg8 31. Bf6 Nxd5 32. Qh8+ Kf7 33. Qg7+ Ke6 34. Qg6 Nxf6 35. Nd4+ Qxd4 36. cxd4 Nb4 37. g3 Rc1+ 38. Kg2 Nd5 39. Bd3 R8c2 40. Bxc2 Re1 41. Bf5+ Ke7 42. Qg7+ Kd8 43. Qf7 Re2 44. Kf1 Rxb2 45. Be6 Rb1+ 46. Kg2 Rb2 47. Bxd5 Nxd5 48. Qxd5 Rb4 49. Qxd6+ Kc8 50. d5 Rxa4 51. Qe7 Rd4 52. d6 a4 53. Qc7# 1-0


[Site "https://www.chess.com"]

[Event "Titled Tuesday Blitz May 30 Late 2023"]
[White "Prydun, Andriy"]
[Black "Shuvalov, Evgenij"]
[WhiteFideId "14145898"]
[BlackFideId "4187237"]
[WhiteElo "2164"]
[BlackElo "2080"]
[Result "0-1"]
[Round "05"]
[TimeControl "180+2"]
[Date "2023.05.31"]
[WhiteClock "0:00:02"]
[BlackClock "0:00:12"]

1. e4 e6 2. d4 d5 3. exd5 exd5 4. Bd3 c5 5. dxc5 Bxc5 6. h3 Nf6 7. Nf3 O-O 8. O-O Ne4 9. Nc3 f5 10. Nb5 Nc6 11. c3 Qf6 12. Bc2 Rd8 13. Nbd4 Be6 14. Be3 Be7 15. Nxe6 Qxe6 16. Bd4 Bf6 17. Re1 Rac8 18. Bb3 Na5 19. Qe2 Nc4 20. Rad1 b6 21. Bxf6 Qxf6 22. Rxd5 Rxd5 23. Bxc4 Qf7 24. Ne5 Qe6 25. Nf3 Kh8 26. Ng5 Qd7 27. Nxe4 Re5 28. Rd1 Qe7 29. Bd3 fxe4 30. Bc2 e3 31. fxe3 Rxe3 32. Qf1 Rf8 0-1


[Site "https://www.chess.com"]

[Event "Titled Tuesday Blitz May 30 Late 2023"]
[White "Martic, Ivan"]
[Black "gao6969"]
[WhiteFideId "929301"]
[WhiteElo "2360"]
[BlackElo "2379"]
[Result "1-0"]
[Round "05"]
[TimeControl "180+2"]
[Date "2023.05.31"]
[WhiteClock "0:00:43"]
[BlackClock "0:00:10"]

1. c4 Nf6 2. Nc3 e6 3. d4 d5 4. Bg5 Bb4 5. Qa4+ Nc6 6. e3 O-O 7. Nf3 h6 8. Bxf6 Qxf6 9. cxd5 exd5 10. Be2 Bf5 11. a3 Bxc3+ 12. bxc3 Rfe8 13. O-O Ne7 14. Ne5 Ng6 15. f4 c6 16. Qb3 Rab8 17. c4 Be4 18. cxd5 Bxd5 19. Bc4 Nxe5 20. fxe5 Qe6 21. Rfc1 Red8 22. a4 b6 23. Bxd5 Qxd5 24. Qxd5 cxd5 25. Rc7 a6 26. Rf1 Rf8 27. Rb1 b5 28. a5 b4 29. Rb3 Rb5 30. h4 Rxa5 31. Rxb4 Ra2 32. Rbb7 a5 33. e6 a4 34. Rd7 a3 35. e7 Ra1+ 36. Kh2 a2 37. exf8=Q+ Kxf8 38. Rd8# 1-0


[Site "https://www.chess.com"]

[Event "Titled Tuesday Blitz May 30 Late 2023"]
[White "MariusBieliauskas"]
[Black "K2JW"]
[WhiteElo "2462"]
[BlackElo "2369"]
[Result "1-0"]
[Round "05"]
[TimeControl "180+2"]
[Date "2023.05.31"]
[WhiteClock "0:01:52"]
[BlackClock "0:00:19"]

1. d4 d5 2. c4 e6 3. Nf3 Nf6 4. g3 Be7 5. Bg2 O-O 6. Nc3 c6 7. Nd2 b6 8. O-O Ba6 9. b3 Nbd7 10. e4 dxc4 11. Nxc4 b5 12. Ne3 b4 13. Ne2 e5 14. Re1 Qb6 15. Nf5 Bd8 16. Be3 exd4 17. Nexd4 c5 18. Nf3 g6 19. Nh6+ Kg7 20. e5 Ne8 21. Qxd7 1-0


[Site "https://www.chess.com"]

[Event "Titled Tuesday Blitz May 30 Late 2023"]
[White "Arencibia Monduy, Antonio"]
[Black "Fernandez Siles, Luis"]
[WhiteFideId "3507939"]
[BlackFideId "2209420"]
[WhiteElo "2452"]
[BlackElo "2195"]
[Result "1-0"]
[Round "05"]
[TimeControl "180+2"]
[Date "2023.05.31"]
[WhiteClock "0:00:17"]
[BlackClock "0:00:04"]

1. e4 c5 2. Nf3 Nc6 3. c3 Nf6 4. e5 Nd5 5. d4 cxd4 6. cxd4 d6 7. Bc4 Nb6 8. Bb5 dxe5 9. Nxe5 Bd7 10. Bxc6 Bxc6 11. Nxc6 bxc6 12. O-O e6 13. Nc3 Be7 14. Qf3 Qxd4 15. Rd1 Qc5 16. Be3 Qc4 17. Rd4 Qa6 18. Qxc6+ Kf8 19. Rad1 Re8 20. Rf4 Qc8 21. Qf3 f6 22. Rfd4 Kf7 23. Qh5+ g6 24. Qa5 Qb7 25. Qb5 Rd8 26. a4 Qc7 27. a5 Nc8 28. Rd7 Rxd7 29. Rxd7 Qe5 30. Qxe5 fxe5 31. Bxa7 Ke8 32. Rb7 1-0


[Site "https://www.chess.com"]

[Event "Titled Tuesday Blitz May 30 Late 2023"]
[White "Ponce Cano, Adrian"]
[Black "StarkyNZ"]
[WhiteFideId "22296913"]
[WhiteElo "2211"]
[BlackElo "2310"]
[Result "1/2-1/2"]
[Round "05"]
[TimeControl "180+2"]
[Date "2023.05.31"]
[WhiteClock "0:00:05"]
[BlackClock "0:00:07"]

1. e4 c6 2. Nf3 d5 3. exd5 cxd5 4. c4 Nf6 5. cxd5 Nxd5 6. Nc3 Nc6 7. d4 Bg4 8. Be2 e6 9. O-O Be7 10. Qb3 Bxf3 11. Bxf3 Nxd4 12. Qa4+ Nc6 13. Nxd5 exd5 14. Rd1 O-O 15. Bxd5 Qb6 16. Be3 Bc5 17. Bxc5 Qxc5 18. Rac1 Qb6 19. Rc2 Nb4 20. Re2 Nxd5 21. Rxd5 Rac8 22. h3 Rc1+ 23. Kh2 Qc7+ 24. g3 Rc6 25. Qxa7 Ra6 26. Qd4 Rxa2 27. Rd7 Qc1 28. Rd8 Ra8 29. Rxa8 Rxa8 30. Qe4 Qc6 31. Qxc6 bxc6 32. Rc2 Ra6 33. b4 Kf8 34. Kg2 Ke7 35. f4 Kd6 36. Kf3 Ra3+ 37. Kg4 Rb3 38. Rd2+ Ke7 39. Rd4 h6 40. h4 Rb1 41. h5 Rb3 42. Kh3 Rb1 43. Kg2 Rb2+ 44. Kf3 Rb3+ 45. Kg4 Rb1 46. Kf5 Rg1 47. g4 Rb1 48. Rc4 Kd6 49. Rd4+ Ke7 50. g5 hxg5 51. fxg5 Rf1+ 52. Kg4 Rg1+ 53. Kf4 Rf1+ 54. Kg3 Rg1+ 55. Kf4 Rh1 56. Re4+ Kd6 57. Rd4+ Ke6 58. Kg4 Rg1+ 59. Kh4 Rh1+ 60. Kg4 Rg1+ 61. Kf4 Rf1+ 62. Ke3 Rh1 63. Re4+ Kd6 64. Rf4 Rxh5 65. Rxf7 Rxg5 66. Kd4 Rg4+ 67. Kc3 g5 68. Rf8 Rg3+ 69. Kc4 Rg4+ 70. Kc3 Kd5 71. Rd8+ Ke6 72. Rg8 Rg1 73. Rg6+ Kd5 74. Rg8 g4 75. Rd8+ Ke6 76. Rc8 Kd7 77. Rg8 g3 78. Kb3 g2 79. Kb2 Kd6 80. Rg4 Kd5 81. Rg3 Kc4 82. Rg4+ Kb5 83. Ka2 Ka4 84. Kb2 Kb5 85. Ka2 Kb6 86. Kb2 Kb5 1/2-1/2


[Site "https://www.chess.com"]

[Event "Titled Tuesday Blitz May 30 Late 2023"]
[White "Shapiro, Daniel"]
[Black "Wizard_of_Odds"]
[WhiteFideId "2001780"]
[WhiteElo "2348"]
[BlackElo "2434"]
[Result "1-0"]
[Round "05"]
[TimeControl "180+2"]
[Date "2023.05.31"]
[WhiteClock "0:01:08"]
[BlackClock "0:00:04"]

1. d4 d5 2. c4 c6 3. Nf3 Nf6 4. Qb3 Qb6 5. Nc3 Qxb3 6. axb3 Bf5 7. c5 Na6 8. Ra4 Nd7 9. Bf4 f6 10. e3 e5 11. Bg3 Naxc5 12. dxc5 Nxc5 13. Ra3 Bd3 14. Na4 Bxf1 15. Kxf1 Nd3 16. Ra1 b5 17. Rd1 e4 18. Nc3 Nxb2 19. Rb1 Nd3 20. Nd4 Kd7 21. Ke2 g6 22. f3 f5 23. fxe4 dxe4 24. Rhd1 Bb4 25. Na2 Bc5 26. Nc2 Rhd8 27. Ne1 1-0


[Site "https://www.chess.com"]

[Event "Titled Tuesday Blitz May 30 Late 2023"]
[White "Botez, Alexandra"]
[Black "Harriott, Tyrell"]
[WhiteFideId "2603365"]
[BlackFideId "2086484"]
[WhiteElo "2040"]
[BlackElo "2107"]
[Result "1-0"]
[Round "05"]
[TimeControl "180+2"]
[Date "2023.05.31"]
[WhiteClock "0:00:26"]
[BlackClock "0:00:02"]

1. d4 d6 2. c4 Nf6 3. Nc3 Nbd7 4. e4 e5 5. d5 Be7 6. Rb1 O-O 7. b4 Ne8 8. Bd3 g6 9. Nge2 f5 10. Bh6 Ng7 11. h4 Bxh4 12. Ng3 Bg5 13. Bxg7 Kxg7 14. exf5 Nf6 15. fxg6 hxg6 16. Qc2 e4 17. Ncxe4 Qe7 18. Kd1 Nxe4 19. Nxe4 Bh6 20. Qc3+ Qe5 21. Qxe5+ dxe5 22. f3 Bf5 23. Ke2 Bf4 24. Nc5 Bc8 25. Be4 b6 26. Nd3 Bg3 27. d6 c6 28. Bxc6 Rb8 29. d7 Bb7 30. b5 Ba8 31. Rh3 Bf4 32. Rbh1 Bg5 33. Rh7+ Kf6 34. Nb4 Ke6 35. Rg7 Kf6 36. Rhh7 e4 37. fxe4 Rbd8 38. Nd5+ Ke5 39. Rxg6 Bf4 40. Kd3 1-0


[Site "https://www.chess.com"]

[Event "Titled Tuesday Blitz May 30 Late 2023"]
[White "Florianovitz, Derlei Alex"]
[Black "Kovalevsky, Stanislav"]
[WhiteFideId "2114178"]
[BlackFideId "13508598"]
[WhiteElo "1953"]
[BlackElo "2174"]
[Result "0-1"]
[Round "05"]
[TimeControl "180+2"]
[Date "2023.05.31"]
[WhiteClock "0:01:04"]
[BlackClock "0:01:13"]

1. e4 e6 2. d4 d5 3. c4 dxe4 4. Nc3 Nc6 5. d5 exd5 6. cxd5 Nce7 7. f3 exf3 8. Nxf3 Nf6 9. Bc4 Nf5 10. O-O Bc5+ 11. Kh1 O-O 12. Bg5 h6 13. Bxf6 Qxf6 14. Ne4 Qb6 15. Qd3 Ne3 16. Bb3 Nxf1 17. Rxf1 Bf5 18. Nh4 Bxe4 19. Qxe4 Rae8 20. Qg4 Qb4 21. Qg3 Bd6 22. Qh3 Re1 23. g3 Qe4+ 24. Kg1 Bc5# 0-1


[Site "https://www.chess.com"]

[Event "Titled Tuesday Blitz May 30 Late 2023"]
[White "Tarasova, Viktoriya"]
[Black "Manu_ChessExcelsior"]
[WhiteFideId "4175840"]
[WhiteElo "2182"]
[BlackElo "2059"]
[Result "0-1"]
[Round "05"]
[TimeControl "180+2"]
[Date "2023.05.31"]
[WhiteClock "0:00:11"]
[BlackClock "0:00:15"]

1. d4 d5 2. c4 e6 3. Nc3 a6 4. cxd5 exd5 5. Bf4 Nf6 6. e3 Bd6 7. Bxd6 Qxd6 8. Bd3 O-O 9. Nge2 Re8 10. h3 Nbd7 11. O-O Nf8 12. Ng3 g6 13. Re1 Ne6 14. Qd2 Ng7 15. Rad1 c6 16. Nce2 Bd7 17. f3 Ngh5 18. Nf1 Re7 19. g4 Ng7 20. Nf4 Rae8 21. Ng2 Bc8 22. Qf2 Nd7 23. Ng3 Nf8 24. e4 dxe4 25. fxe4 c5 26. d5 Re5 27. Ne3 b5 28. a4 Bd7 29. axb5 axb5 30. Rf1 c4 31. Bc2 f5 32. gxf5 gxf5 33. Nexf5 Nxf5 34. exf5 Re3 35. Kg2 h5 36. f6 Kf7 37. Rd4 h4 38. Rxh4 Qxd5+ 39. Kg1 Bc6 40. Ne4 R8xe4 41. Bxe4 Rxe4 42. Rxe4 Qxe4 43. Qg3 Qd4+ 44. Kh2 Ne6 45. Rf2 b4 46. h4 Qd5 47. Rg2 Qxg2+ 48. Qxg2 Bxg2 49. Kxg2 c3 50. bxc3 bxc3 51. h5 c2 52. Kg3 c1=Q 53. h6 Qxh6 0-1


[Site "https://www.chess.com"]

[Event "Titled Tuesday Blitz May 30 Late 2023"]
[White "Najer, Evgeniy"]
[Black "Torres Dominguez, David"]
[WhiteFideId "4118987"]
[BlackFideId "2220857"]
[WhiteElo "2545"]
[BlackElo "1999"]
[Result "1-0"]
[Round "05"]
[TimeControl "180+2"]
[Date "2023.05.31"]
[WhiteClock "0:00:01"]
[BlackClock "0:00:04"]

1. d4 e5 2. dxe5 d6 3. Nf3 Bg4 4. Nc3 Nc6 5. Bg5 Qd7 6. exd6 Bxd6 7. e3 f6 8. Bh4 O-O-O 9. Be2 Nh6 10. Bg3 Qe6 11. Bxd6 Rxd6 12. Qc1 Rhd8 13. O-O g5 14. Re1 f5 15. Nd4 Nxd4 16. exd4 f4 17. d5 Qg6 18. Bd3 Bf5 19. Qd2 Qf6 20. Ne4 Bxe4 21. Bxe4 g4 22. c4 g3 23. fxg3 fxg3 24. h3 R6d7 25. Rf1 Qg7 26. Rae1 Kb8 27. c5 Re7 28. Qb4 a5 29. Qd2 Nf7 30. d6 cxd6 31. c6 Rde8 32. Bf3 Rxe1 33. Rxe1 Qd4+ 34. Kf1 Qxd2 35. Rxe8+ Kc7 36. Re7+ Kb6 37. Rxb7+ Ka6 38. Be2+ 1-0


[Site "https://www.chess.com"]

[Event "Titled Tuesday Blitz May 30 Late 2023"]
[White "Stachanczyk, Jacek"]
[Black "Tomiello, Mateus Costamilan"]
[WhiteFideId "1116657"]
[BlackFideId "22701958"]
[WhiteElo "2084"]
[BlackElo "1990"]
[Result "1-0"]
[Round "05"]
[TimeControl "180+2"]
[Date "2023.05.31"]
[WhiteClock "0:00:53"]
[BlackClock "0:00:40"]

1. e4 e5 2. Nf3 Nc6 3. Bb5 Nf6 4. O-O Nxe4 5. d4 Nd6 6. dxe5 Nxb5 7. a4 d6 8. axb5 Nxe5 9. Re1 Be7 10. Nxe5 dxe5 11. Qxd8+ Bxd8 12. Rxe5+ Be6 13. Bf4 O-O 14. Re1 Bf6 15. Be5 Bxe5 16. Rxe5 Rfd8 17. Nc3 Rd2 18. Re2 Rxe2 19. Nxe2 Kf8 20. b3 Ke7 21. Kf1 Bd7 22. c4 c6 23. b6 a6 24. Nc3 Kd6 25. b4 Bf5 26. Rd1+ Ke6 27. Na4 Ke7 28. Nc5 Rb8 29. f3 Be6 30. Rd4 Ra8 31. Nxb7 Rb8 32. Na5 Rxb6 33. c5 Rb5 34. Nxc6+ Kf6 35. Ke2 h5 36. Kd3 Rb7 37. Kc3 g5 38. Rd6 h4 39. Nd8 Ra7 40. Nxe6 fxe6 41. h3 Ke5 42. Kc4 Kf4 43. Rxe6 Kg3 44. Re2 Rd7 45. c6 Rd1 46. Rc2 Rd8 47. Kc5 Rb8 1-0


[Site "https://www.chess.com"]

[Event "Titled Tuesday Blitz May 30 Late 2023"]
[White "Castaneda, Jhon David"]
[Black "Vaglio Munoz, Jaime"]
[WhiteFideId "4405048"]
[BlackFideId "6500145"]
[WhiteElo "2086"]
[BlackElo "2199"]
[Result "1-0"]
[Round "05"]
[TimeControl "180+2"]
[Date "2023.05.31"]
[WhiteClock "0:01:02"]
[BlackClock "0:00:03"]

1. d4 c6 2. Nf3 b5 3. e4 a6 4. Bd3 d5 5. e5 Bg4 6. h3 Bxf3 7. Qxf3 e6 8. O-O c5 9. dxc5 Bxc5 10. Qg4 Kf8 11. Nd2 Nc6 12. Nf3 Nge7 13. c3 Ng6 14. Re1 Qc7 15. Qg3 b4 16. h4 Nge7 17. h5 h6 18. Bd2 a5 19. Rac1 Qb6 20. c4 d4 21. Be4 Rd8 22. Bf4 d3 23. Rcd1 Nd4 24. Rxd3 Ndf5 25. Rxd8+ Qxd8 26. Qg4 Qb6 27. Rf1 a4 28. b3 a3 29. Nh4 Nxh4 30. Qxh4 Bd4 31. Bg3 Qc5 32. Qf4 Ke8 33. Qg4 Rg8 34. Bh7 Kf8 35. Bxg8 Kxg8 36. Qe4 Nf5 37. Bf4 Qc7 38. g4 Nh4 39. Bg3 Bxe5 40. Bxh4 Bh2+ 41. Kg2 Be5 42. Bg3 Bc3 43. Bxc7 e5 44. Bxe5 Bd2 45. Rd1 f6 46. Rxd2 Kf7 47. Bg3 g5 48. c5 f5 49. Qxf5+ Ke7 50. c6 Ke8 51. Qd7+ Kf8 52. c7 1-0


[Site "https://www.chess.com"]

[Event "Titled Tuesday Blitz May 30 Late 2023"]
[White "Kavutskiy, Konstantin"]
[Black "KVAIDAN"]
[WhiteFideId "2026384"]
[WhiteElo "2323"]
[BlackElo "2288"]
[Result "1-0"]
[Round "05"]
[TimeControl "180+2"]
[Date "2023.05.31"]
[WhiteClock "0:00:52"]
[BlackClock "0:01:06"]

1. d4 e6 2. c4 f5 3. g3 Nf6 4. Bg2 Be7 5. Nf3 O-O 6. O-O d6 7. b3 a5 8. Bb2 Ne4 9. Nfd2 a4 10. bxa4 Nxd2 11. Nxd2 Qe8 12. Qb3 Qxa4 13. Rfe1 Nc6 14. d5 Ne5 15. c5 Qxb3 16. axb3 Rxa1 17. Rxa1 dxc5 18. Bxe5 Bd6 19. Bxd6 cxd6 20. dxe6 Bxe6 21. Ra7 d5 22. Rxb7 c4 23. bxc4 dxc4 24. Rc7 Rd8 25. Nf1 Rd1 26. Bf3 f4 27. gxf4 Rc1 28. Kg2 c3 29. Ne3 Bb3 30. Bd5+ Bxd5+ 31. Nxd5 Re1 32. Nxc3 Rc1 33. Nd5 Rd1 34. e4 h5 35. f5 h4 36. Kh3 Rd3+ 37. Kxh4 Rd4 38. f3 Rd2 39. Ne7+ Kh7 40. Ng6 Rxh2+ 41. Kg3 Rh1 42. Rc8 Rg1+ 43. Kf4 1-0


[Site "https://www.chess.com"]

[Event "Titled Tuesday Blitz May 30 Late 2023"]
[White "Ardila, Oscar Humberto"]
[Black "Senft, Sean"]
[WhiteFideId "4404742"]
[BlackFideId "2044960"]
[WhiteElo "1918"]
[BlackElo "1989"]
[Result "0-1"]
[Round "05"]
[TimeControl "180+2"]
[Date "2023.05.31"]
[WhiteClock "0:00:08"]
[BlackClock "0:01:44"]

1. d4 d5 2. c4 c6 3. e3 Nf6 4. Nf3 a6 5. Nc3 Bf5 6. Be2 e6 7. O-O Bd6 8. b3 O-O 9. Bb2 Ne4 10. Rc1 Nd7 11. Nd2 Nxc3 12. Bxc3 Nf6 13. Bf3 Rc8 14. h3 Bb8 15. Re1 Qd6 16. Nf1 Rfe8 17. Qd2 Be4 18. Bb4 Qd8 19. Be2 Bg6 20. c5 Ne4 21. Qb2 f5 22. Bf3 Rf8 23. Qa3 Qg5 24. Qb2 f4 25. Bd2 Nxd2 26. Qxd2 fxe3 27. Qxe3 Bf4 28. Qxe6+ Kh8 29. Rcd1 Bf5 30. Qe7 Qg6 31. Bg4 Bxg4 32. hxg4 Qxg4 33. Qe6 Qh5 34. Qh3 Qf7 35. Re2 h6 36. Rde1 Bg5 37. Ng3 Bf6 38. Nf5 Qg6 39. Nd6 Rcd8 40. Qg3 Qxg3 41. fxg3 Bxd4+ 42. Kh2 Bxc5 43. Nxb7 Bb4 44. Nxd8 Bxe1 45. Ne6 Rf1 46. Nf4 Bb4 47. Kh3 g5 48. Ng6+ Kg7 49. Ne5 h5 50. Nxc6 Rh1# 0-1


[Site "https://www.chess.com"]

[Event "Titled Tuesday Blitz May 30 Late 2023"]
[White "The_Straightforward_Rook"]
[Black "Toncheva, Nadya"]
[BlackFideId "2924056"]
[WhiteElo "2280"]
[BlackElo "2101"]
[Result "0-1"]
[Round "05"]
[TimeControl "180+2"]
[Date "2023.05.31"]
[WhiteClock "0:00:20"]
[BlackClock "0:00:08"]

1. e4 c5 2. Nf3 Nc6 3. Bb5 e6 4. O-O Nge7 5. Re1 a6 6. Bf1 d5 7. exd5 Nxd5 8. b3 Be7 9. Bb2 Bf6 10. Ne5 Qc7 11. Qe2 Nf4 12. Qe3 Nd5 13. Qg3 Nxe5 14. Bxe5 Bxe5 15. Rxe5 f6 16. Re1 Qxg3 17. hxg3 Nb4 18. Na3 Kf7 19. c3 Nc6 20. Nc4 b5 21. Nd6+ Ke7 22. Nxc8+ Raxc8 23. a4 Rhd8 24. axb5 axb5 25. Bxb5 Rxd2 26. Bc4 e5 27. Red1 Rcd8 28. Rxd2 Rxd2 29. Ra6 Nd8 30. Ra7+ Kf8 31. Kf1 Rc2 32. Rd7 Nc6 33. Rf7+ Ke8 34. Rxg7 Ne7 35. Rxh7 Rxc3 36. Rh8+ Kd7 37. Rf8 f5 38. Ra8 Rc2 39. Ra7+ Kd6 40. Ra6+ Kd7 41. g4 fxg4 42. Be6+ Kc7 43. Bxg4 Nc6 44. g3 Nd4 45. Be6 Rb2 46. Ra3 Nc2 47. Ra7+ Kd6 48. Ra6+ Ke7 49. Bc4 Nd4 50. Ra7+ Kd6 51. Kg2 Kc6 52. Ra6+ Kc7 53. Ra7+ Kc6 54. Re7 Nxb3 55. Bxb3 Rxb3 56. Rxe5 c4 57. Re6+ Kd5 58. Re8 c3 59. Rc8 Kd4 60. Kf3 c2+ 61. Kf4 Rc3 62. Rd8+ Kc4 63. Rc8+ Kb4 64. Rb8+ Ka3 65. Ra8+ Kb2 66. Rb8+ Rb3 67. Rc8 Rc3 68. Rb8+ Rb3 69. Rc8 c1=Q+ 70. Rxc1 Kxc1 71. g4 Kd2 72. g5 Kd3 73. Kf5 Kd4 74. Kf6 Rb6+ 75. Kf7 Ke5 76. g6 Rf6+ 77. Kg7 Kf5 78. Kh7 Rxg6 79. f4 Kf6 80. f5 Rg5 81. Kh6 Rxf5 0-1


[Site "https://www.chess.com"]

[Event "Titled Tuesday Blitz May 30 Late 2023"]
[White "Leschinsky, Gary"]
[Black "Remolar Gallen, Jose"]
[WhiteFideId "30951321"]
[BlackFideId "2215187"]
[WhiteElo "1855"]
[BlackElo "2223"]
[Result "0-1"]
[Round "05"]
[TimeControl "180+2"]
[Date "2023.05.31"]
[WhiteClock "0:01:06"]
[BlackClock "0:00:08"]

1. d4 Nf6 2. c4 g6 3. Nf3 Bg7 4. Nc3 O-O 5. e4 d6 6. Be2 Bg4 7. Be3 Nfd7 8. O-O a6 9. h3 Bxf3 10. Bxf3 Nc6 11. d5 Na5 12. Be2 c5 13. Rc1 f5 14. exf5 gxf5 15. Qd2 Ne5 16. b3 Ng6 17. Bh6 Rf7 18. Bh5 Qf8 19. Bxg7 Qxg7 20. Rfe1 Kh8 21. Bxg6 Qxg6 22. Ne2 Rg8 23. Nf4 Qg5 24. g3 Rfg7 25. Rcd1 b6 26. Ne6 Qxd2 27. Rxd2 Rf7 28. Nf4 b5 29. cxb5 axb5 30. Rde2 Re8 31. Re6 Nb7 32. Kg2 Rg7 33. Kf3 Kg8 34. h4 Kf8 35. Nh5 Rf7 36. Kf4 c4 37. bxc4 bxc4 38. Rc1 Nc5 39. Re3 Nd3+ 40. Rxd3 cxd3 41. Rd1 e5+ 42. dxe6 Rxe6 43. Rxd3 Ke7 44. Kf3 Re4 45. Nf4 Ra4 46. Nd5+ Ke6 47. Nf4+ Kd7 48. Rd2 Rf8 49. Nd3 Rc8 50. Ne5+ Ke6 51. Nd3 Rc3 52. Kg2 Rca3 53. Nf4+ Kd7 54. Rd5 Ra5 0-1


[Site "https://www.chess.com"]

[Event "Titled Tuesday Blitz May 30 Late 2023"]
[White "Harish, Neeraj"]
[Black "Balla, Tamas-Kristof"]
[WhiteFideId "30958130"]
[BlackFideId "1208497"]
[WhiteElo "1879"]
[BlackElo "2334"]
[Result "0-1"]
[Round "05"]
[TimeControl "180+2"]
[Date "2023.05.31"]
[WhiteClock "0:00:02"]
[BlackClock "0:00:33"]

1. e4 c5 2. Nf3 Nc6 3. d4 cxd4 4. Nxd4 e5 5. Nb5 d6 6. c4 Be7 7. N1c3 a6 8. Na3 f5 9. exf5 Bxf5 10. Bd3 Be6 11. O-O Nf6 12. Nc2 O-O 13. Ne3 Qd7 14. Ned5 Rae8 15. Be3 Bd8 16. a3 Ng4 17. Bd2 Nd4 18. f3 Nf6 19. Be3 Nf5 20. Bf2 Qf7 21. Be4 Nxe4 22. fxe4 Ne7 23. Qd3 Qg6 24. b4 Nxd5 25. Nxd5 Bg4 26. Be3 Qh5 27. h3 Rxf1+ 28. Rxf1 Be2 29. Qd2 Bxf1 30. Kxf1 Rf8+ 31. Kg1 Bh4 32. Nc3 Bg3 33. Ne2 Qg6 34. Nxg3 Qxg3 35. Bb6 h6 36. c5 dxc5 37. Bxc5 Rf6 38. Qd5+ Kh7 39. Qd2 Qxa3 0-1


[Site "https://www.chess.com"]

[Event "Titled Tuesday Blitz May 30 Late 2023"]
[White "Jovic, Stanoje"]
[Black "Da Silva, Alessandro Rodrigues"]
[WhiteFideId "905020"]
[BlackFideId "2107546"]
[WhiteElo "2236"]
[BlackElo "2181"]
[Result "1-0"]
[Round "05"]
[TimeControl "180+2"]
[Date "2023.05.31"]
[WhiteClock "0:00:47"]
[BlackClock "0:00:28"]

1. c4 e5 2. g3 Nc6 3. Bg2 f5 4. Nh3 Nf6 5. O-O Bc5 6. Nc3 a6 7. d3 d6 8. Bg5 Be6 9. Nd5 O-O 10. Nxf6+ gxf6 11. Be3 Nd4 12. b4 Ba7 13. Bxd4 Bxd4 14. Rb1 Qc8 15. e3 Ba7 16. Bd5 Bxd5 17. cxd5 f4 18. Kg2 fxe3 19. fxe3 Bxe3 20. Qf3 Bh6 21. Qh5 Bg7 22. Rf5 Qe8 23. Qf3 Qg6 24. Rc1 Rf7 25. Rc4 Raf8 26. Nf2 Rd7 27. Rg4 Qe8 28. Ne4 Rdf7 29. h4 Kh8 30. h5 Qe7 31. Qe3 Rg8 32. h6 Bf8 33. Rxg8+ Kxg8 34. g4 Qd8 35. Qh3 Be7 36. Qh5 Qf8 37. a4 Kh8 38. a5 c6 39. Nc3 Bd8 40. Rf3 Qe8 41. g5 f5 42. Rxf5 Kg8 43. Ne4 Qf8 44. Rxf7 Qxf7 45. Qxf7+ Kxf7 46. Nxd6+ Kg6 47. Nxb7 Bxg5 48. dxc6 Bd2 49. c7 1-0


[Site "https://www.chess.com"]

[Event "Titled Tuesday Blitz May 30 Late 2023"]
[White "Wang, Alexander J"]
[Black "Uzcategui Rodriguez, Alejandro"]
[WhiteFideId "30955270"]
[BlackFideId "3903400"]
[WhiteElo "2268"]
[BlackElo "2252"]
[Result "0-1"]
[Round "05"]
[TimeControl "180+2"]
[Date "2023.05.31"]
[WhiteClock "0:00:41"]
[BlackClock "0:00:31"]

1. e4 d6 2. d4 Nf6 3. Nc3 e5 4. dxe5 dxe5 5. Qxd8+ Kxd8 6. Nf3 Nc6 7. Bc4 Be6 8. Bxe6 fxe6 9. O-O Bb4 10. Bg5 Bxc3 11. bxc3 Ke7 12. Rab1 b6 13. Nd2 Rhd8 14. Nc4 h6 15. Bxf6+ gxf6 16. Rbd1 Rxd1 17. Rxd1 Rd8 18. Rxd8 Nxd8 19. f3 Kd7 20. Ne3 h5 21. h4 Nf7 22. Kf2 a5 23. Ke2 Nh6 24. g4 hxg4 25. Nxg4 Ng8 26. h5 Ne7 27. Nxf6+ Kd6 28. h6 Ng6 29. Ng8 Kc5 30. Kd3 Nf4+ 31. Kd2 Ng6 32. h7 Kb5 33. Ne7 Nh8 34. Kd3 Ka4 35. Nc6 Ka3 36. Nxe5 Kxa2 37. Kc4 Kb2 38. Kd3 b5 39. Kd2 a4 40. Nd3+ Kb1 41. Nb4 a3 42. Kd3 c5 0-1


[Site "https://www.chess.com"]

[Event "Titled Tuesday Blitz May 30 Late 2023"]
[White "Goffredo_Fofi"]
[Black "Kovacevic, Radmila"]
[BlackFideId "933171"]
[WhiteElo "2460"]
[BlackElo "2194"]
[Result "0-1"]
[Round "05"]
[TimeControl "180+2"]
[Date "2023.05.31"]
[WhiteClock "0:00:06"]
[BlackClock "0:00:05"]

1. d4 e5 2. dxe5 Nc6 3. Nf3 Qe7 4. Bf4 Qb4+ 5. Bd2 Qxb2 6. Nc3 Bb4 7. Rb1 Qxc3 8. Bxc3 Bxc3+ 9. Nd2 Bxe5 10. e3 Nf6 11. c4 O-O 12. Bd3 d5 13. O-O Rd8 14. Qc2 h6 15. h3 d4 16. e4 Bd6 17. f4 Nb4 18. Qb3 Nd7 19. Be2 a5 20. a3 d3 21. Bd1 Nc5 22. Qc3 Nc6 23. e5 Be7 24. Bf3 Nd4 25. Kh1 Ra7 26. Ne4 Bf5 27. Nxc5 Nxf3 28. Nxb7 Nd4 29. Nxd8 Ne2 30. Qd2 Ng3+ 31. Kh2 Nxf1+ 32. Rxf1 Bxd8 33. Qe3 Ra8 34. Rd1 Be7 35. g4 Bh7 36. f5 f6 37. Rxd3 fxe5 38. Qxe5 Re8 39. Kg2 Kf8 40. Qd5 Bg8 41. Qf3 Bxc4 42. Rd2 Bf7 43. Qf2 Bd6 44. Re2 Rd8 45. Rd2 Bd5+ 46. Kg1 Bc6 47. Re2 Bd7 48. Kf1 Rb8 49. Kg2 Rb5 50. Kg1 Bc6 51. Re3 Rb1+ 52. Re1 Rb3 53. Kf1 Rc3 54. Qe2 Rf3+ 55. Qxf3 Bxf3 56. Re3 Bc6 57. Rc3 Bb5+ 58. Kf2 Ke7 59. Re3+ Kd7 60. Rc3 Bc6 61. Ke3 Bd5 62. Rd3 Bc4 63. Rc3 Bb5 64. Rc2 c5 65. Rc3 Kc6 66. Kf3 Be5 67. Re3 Bd4 68. Re6+ Kd5 69. Rg6 Bc6 70. Ke2 Bb5+ 71. Kd2 Bc4 72. h4 Ke4 73. f6 Bxf6 74. g5 hxg5 75. hxg5 Bd4 76. Rb6 Kf5 77. g6 Kg5 78. Rc6 Kh6 79. Rd6 Kg5 80. Rc6 Kf5 81. Kc2 Ke5 82. a4 Kd5 83. Ra6 Bxa6 0-1


[Site "https://www.chess.com"]

[Event "Titled Tuesday Blitz May 30 Late 2023"]
[White "LangesNasenhaar"]
[Black "Cardozo Munar, Carlos Eduardo"]
[BlackFideId "4409477"]
[WhiteElo "2456"]
[BlackElo "2067"]
[Result "0-1"]
[Round "05"]
[TimeControl "180+2"]
[Date "2023.05.31"]
[WhiteClock "0:00:01"]
[BlackClock "0:00:15"]

1. d4 d5 2. Nc3 Nf6 3. Bf4 Bf5 4. e3 e6 5. Nf3 Bd6 6. Ne5 O-O 7. g4 Bg6 8. h4 h5 9. Nxg6 fxg6 10. Bxd6 cxd6 11. gxh5 gxh5 12. Be2 Nc6 13. Bxh5 Nxh5 14. Qxh5 Qf6 15. f4 Rac8 16. O-O-O Ne7 17. Rdg1 Nf5 18. Qf3 Rc7 19. h5 Rfc8 20. Rg6 Qf7 21. Kd2 Rxc3 22. bxc3 Qc7 23. Rd1 Qxc3+ 24. Ke2 Qxc2+ 25. Rd2 Qc4+ 26. Kf2 Qb4 27. Re2 Kf7 28. Rg5 Qb1 29. h6 Nxh6 30. Qh5+ Kf8 31. Rg1 Qf5 32. Qh2 Rc2 33. Qg3 Rxe2+ 34. Kxe2 Qc2+ 35. Kf1 Nf5 36. Qf2 Qd3+ 37. Kg2 Nxe3+ 38. Kh1 Qxd4 39. Re1 Nf5 40. Qg2 Qf6 41. Kg1 b5 42. Rc1 Qd4+ 43. Kh1 Qxf4 44. Rc8+ Kf7 45. Rc7+ Kf6 0-1


[Site "https://www.chess.com"]